 Dungeon Crawl Stone Soup version 0.28-a0-793-g31680bbd8b (webtiles) character file.

Game seed: 186008255630275527

352 ytrimaz the Chopper (level 6, 0/40 (47) HPs)
             Began as a Demonspawn Fighter on Nov 3, 2021.
             Slain by a hound (4 damage)
             ... on level 5 of the Dungeon.
             The game lasted 00:03:33 (3481 turns).

ytrimaz the Chopper (Demonspawn Fighter)            Turns: 3481, Time: 00:03:34

HP:   0/40 (47)     AC:  8    Str: 18    XL:     6   Next: 35%
MP:   6/6           EV: 10    Int:  9    God:
Gold: 220           SH:  4    Dex: 13    Spells: 5/5 levels left

rFire   . . .      SeeInvis .   a - +0 war axe
rCold   . . .      Faith    .   c - +0 buckler
rNeg    . . .      Spirit   .   b - +0 scale mail
rPois   .          Reflect  .   (no helmet)
rElec   .          Harm     .   (no cloak)
rCorr   .          Rampage  .   (no gloves)
Will    .....                   (no boots)
Stlth   ..........              (no amulet)
HPRegen 0.13/turn               (no ring)
MPRegen 0.10/turn               (no ring)

@: mighty, heavily drained
A: molten scales 1, powered by death 2, weakness stinger 1
a: no special abilities


You were on level 5 of the Dungeon.
You visited 1 branch of the dungeon, and saw 5 of its levels.

You collected 220 gold pieces.

Inventory:

Hand Weapons
 a - a +0 war axe (weapon)
Armour
 b - a +0 scale mail (worn)
 c - a +0 buckler (worn)
Jewellery
 h - a +6 ring of strength
 j - a +6 ring of intelligence
 l - a ring of magical power
Scrolls
 e - a scroll of identify
 f - 3 scrolls of teleportation
 m - a scroll of immolation {unknown}
 n - a scroll of holy word {unknown}
Potions
 d - a potion of might
 k - a potion of mutation {unknown}


   Skills:
 + Level 3.6 Fighting
 * Level 4.7 Axes
 + Level 3.5 Armour
 * Level 1.8 Dodging
 + Level 3.1 Shields


You had 5 spell levels left.
You didn't know any spells.
Your spell library contained the following spells:

 Spells                   Type           Power      Damage    Failure   Level
 Alistair's Intoxication  Tmut/Pois      0%         N/A       100%        5
 Borgnjor's Vile Clutch   Necr/Erth      0%         N/A       100%        5
 Eringya's Noxious Bog    Tmut/Pois      0%         N/A       100%        6
 Borgnjor's Revivificati  Necr           0%         N/A       100%        8
 Necromutation            Tmut/Necr      0%         N/A       100%        8
 Death's Door             Necr           0%         N/A       100%        9


Dungeon Overview and Level Annotations

Branches:
Dungeon (5/15)
 Temple: D:4-7

Altars:
Gozag
Ru

Annotations:
D:4 1 runed translucent door, Crazy Yiuf
D:5 Edmund


Innate Abilities, Weirdness & Mutations

You are partially covered in molten scales. (AC +2)
You regenerate health from kills.
You have a small tail.


Message History

Edmund is nearby!
Edmund is nearby!
Edmund shouts!
You feel very mighty all of a sudden.
A scorpion comes into view.
A hound comes into view.
The hound barks!
Edmund hits you with a +2 dire flail of draining!
You feel drained.
You slash Edmund!
Edmund is moderately wounded.
Edmund hits you but does no damage.
You feel drained.
A phantom comes into view.
You slash Edmund!
Edmund is heavily wounded.
Edmund barely misses you.
Edmund hits you with a +2 dire flail of draining!
You feel drained.
Your scale mail prevents you from hitting Edmund.
Edmund is heavily wounded.
Edmund hits you but does no damage.
You feel drained. The scorpion stings you.
* * * LOW HITPOINT WARNING * * *
You barely miss Edmund.
Edmund is heavily wounded.
You closely miss the hound. You barely miss the scorpion.
The hound closely misses you. Edmund closely misses you.
The scorpion barely misses you. The hound bites you.
* * * LOW HITPOINT WARNING * * *
Unknown command.
You barely miss Edmund.
Your tail-slap misses Edmund.
Edmund is heavily wounded.
You slash the hound! You closely miss the scorpion.
The scorpion barely misses you. The hound bites you.
* * * LOW HITPOINT WARNING * * *
Edmund hits you with a +2 dire flail of draining.
* * * LOW HITPOINT WARNING * * *
You feel drained.
* * * LOW HITPOINT WARNING * * *
You block the scorpion's attack. The hound bites you.
You die...

.......#..
..........
.........## .
.......... ..
.........####.#
........†.....#
.....>..W..###..
.......s@h.....#
........@#######
.........#
.........#
.........#
#.......##
##.....## ######


You could see Edmund, a phantom, a scorpion and a hound.

Vanquished Creatures
  A black bear (D:4)
  Blork the orc (D:4)
  An iguana (D:4)
  A gnoll (D:4)
  4 adders
  A river rat (D:3)
  An adder skeleton (D:4)
  A worm (D:3)
  3 dart slugs
  3 orcs (D:3)
  12 ball pythons
  7 endoplasms
  5 giant cockroaches
  7 goblins
  5 hobgoblins
  7 jackals
  4 quokkas
  7 bats
  5 frilled lizards
  7 kobolds
  7 rats
90 creatures vanquished.

Notes
Turn   | Place    | Note
-------+----------+-------------------------------------------
     0 | D:1      | ytrimaz the Demonspawn Fighter began the quest for the Orb.
     0 | D:1      | Reached XP level 1. HP: 18/18 MP: 1/1
   131 | D:1      | Gained mutation: You regenerate a little health from kills.
                  | [demonic ancestry]
   131 | D:1      | Reached XP level 2. HP: 24/24 MP: 2/2
   167 | D:1      | Reached skill level 2 in Axes
   741 | D:1      | Gained mutation: You regenerate health from kills. [demonic
                  | ancestry]
   741 | D:1      | Reached XP level 3. HP: 27/29 MP: 3/3
  1080 | D:2      | Found a sacrificial altar of Ru.
  1163 | D:2      | Found a faded altar of an unknown god.
  1710 | D:3      | Reached skill level 3 in Axes
  1714 | D:3      | Reached skill level 1 in Dodging
  1884 | D:3      | Gained mutation: You have a small tail. [demonic ancestry]
  1884 | D:3      | Reached XP level 4. HP: 35/35 MP: 4/4
  2437 | D:3      | Found an opulent altar of Gozag.
  2695 | D:4      | Noticed a black bear
  2701 | D:4      | Killed a black bear
  2702 | D:4      | Reached skill level 4 in Axes
  2702 | D:4      | Gained mutation: You are partially covered in molten
                  | scales. (AC +2) [demonic ancestry]
  2702 | D:4      | Reached XP level 5. HP: 40/41 MP: 5/5
  2838 | D:4      | Found a runed translucent door.
  2839 | D:4      | Noticed Crazy Yiuf
  2918 | D:4      | Noticed Blork the orc
  2929 | D:4      | Reached XP level 6. HP: 40/47 MP: 6/6
  2935 | D:4      | Killed Blork the orc
  3281 | D:5      | Entered Level 5 of the Dungeon
  3281 | D:5      | Noticed Edmund
  3481 | D:5      | Slain by a hound

Illustrated notes

Levels and vault maps discovered:
D:1:      dpeg_arrival_refuge, layout_basic
D:2:      layout_rooms, basic_altar, shapermc_ecumenical_altar_venn,
          dk_noncrumbling_2
D:3:      layout_basic, mainiacjoe_overflow_tiny_flanked, portal_sewer_entry_b,
          minmay_increasing_density
D:4:      layout_loops_ring, serial_shops, shop, uniq_blork_the_orc,
          uniq_crazy_yiuf_cottage
D:5:      layout_rooms, temple_hall, grunt_ministairs_7, kennysheep_nondescript,
          kennysheep_generic_room_10, uniq_prince_ribbit1, uniq_edmund

Skill      XL: |  1  2  3  4 |
---------------+-------------+-----
Axes           | 2 3 4 |  4.7
Dodging        | 1 |  1.8
Armour         | 3 |  3.5
Shields        | 3 |  3.1
Fighting       | |  3.6

Action                   |  1- 3 |  4- 6 || total
-------------------------+-------+-------++-------
Melee: War axe           |   144 |   145 ||   289
       Tailslap          |       |    20 ||    20
  Use: Scroll            |     1 |     1 ||     2
       Potion            |       |     4 ||     4
Armor: Scale mail        |    84 |    79 ||   163
Dodge: Dodged            |    81 |    92 ||   173
Block: Buckler           |    23 |    42 ||    65

Table legend: (Time is in decaauts)
 A = Elapsed time spent in this place.
 B = Non-inter-level travel time spent in this place.
 C = Inter-level travel time spent in this place.
 D = Time resting spent in this place.
 E = Time spent auto-exploring this place.
 F = Levels seen in this place.
 G = Mean time per level.
                   A        B        C        D        E       F      G
               +--------+--------+--------+--------+--------+-----+--------+
         Total |   3584 |   3495 |     89 |    446 |   2179 |   5 |  716.8 |
       Dungeon |   3584 |   3495 |     89 |    446 |   2179 |   5 |  716.8 |
               +--------+--------+--------+--------+--------+-----+--------+

Top non-repeatable levels by time:
     D:3: 1266 daAuts
     D:1: 973 daAuts
     D:4: 634 daAuts
     D:2: 507 daAuts
     D:5: 202 daAuts
